 Dungeon Crawl Stone Soup version 0.25-a0-435-g4b9beb1024 (webtiles) character file.

Game seed: 16368476940462953531, levelgen mode: deterministic

2706 Eurus the Thaumaturge (level 9, -12/66 HPs)
             Began as a Mummy Conjurer on Jan 26, 2020.
             Was an Initiate of Ashenzari.
             Killed from afar by a gargoyle (20 damage)
             ... with a stone arrow
             ... on level 8 of the Dungeon.
             The game lasted 00:27:35 (12612 turns).

Eurus the Thaumaturge (Mummy Conjurer)             Turns: 12612, Time: 00:27:35

Health: -12/66     AC:  3    Str: 15    XL:     9   Next: 39%
Magic:  21/21      EV: 13    Int: 17    God:    Ashenzari [......]
Gold:   391        SH:  0    Dex: 12    Spells: 22/25 levels left

rFire    x . .     SeeInvis .   u - +2 dagger (venom)
rCold    + + .     Gourm    .   (no shield)
rNeg     + + +     Faith    .   a - +0 robe
rPois    ∞         Spirit   .   (no helmet)
rElec    .         Reflect  .   r - scarf {cloud immunity}
rCorr    .         Harm     .   t - +0 pair of gloves
MR       +....                  (no boots)
Stlth    ++........             (no amulet)
HPRegen  0.21/turn              o - +3 ring of strength (curse)
MPRegen  0.17/turn              e - ring of protection from cold

@: no status effects
A: no food or potions, fire vulnerability, cold resistance 1, negative energy
resistance 3, torment resistance, unbreathing
a: Curse Item, Renounce Religion


You were on level 8 of the Dungeon.
You worshipped Ashenzari.
Ashenzari was noncommittal.
You were not hungry.

You visited 2 branches of the dungeon, and saw 9 of its levels.

You collected 391 gold pieces.

Inventory:

Hand Weapons
 d - a +0 quarterstaff
 u - a +2 dagger of venom (weapon)
Armour
 a - a +0 robe (worn)
 r - a scarf of cloud immunity (worn)
 t - a +0 pair of gloves (worn)
Jewellery
 e - a ring of protection from cold (right hand)
 o - a cursed +3 ring of strength (left hand)
 p - an uncursed ring of fire
Wands
 j - a wand of polymorph (14)
 s - a wand of random effects (18)
Scrolls
 b - 5 scrolls of teleportation {unknown}
 c - 2 scrolls of immolation {unknown}
 f - a scroll of fear {unknown}
 g - 9 scrolls of identify {unknown}
 h - 2 scrolls of blinking {unknown}
 i - 2 scrolls of enchant weapon {unknown}
 k - 2 scrolls of enchant armour {unknown}
 l - a scroll of remove curse
 m - 3 scrolls of magic mapping {unknown}
 n - a scroll of noise {unknown}
 q - a scroll of amnesia {unknown}


   Skills:
 - Level 4.3 Fighting
 + Level 4.6 Staves
 - Level 3.0 Dodging
 - Level 1.5 Stealth
 + Level 8.5 Spellcasting
 + Level 6.4 Conjurations
 + Level 2.6 Evocations


You had 22 spell levels left.
You knew the following spells:

 Your Spells              Type           Power        Failure   Level  Hunger
a - Magic Dart            Conj           ####         1%          1    N/A
b - Searing Ray           Conj           ####..       1%          2    N/A

Your spell library contained the following spells:

 Spells                   Type           Power        Failure   Level  Hunger
 Dazzling Flash           Conj/Hex       ###...       8%          3    N/A
 Animate Skeleton         Necr           N/A          10%         1    N/A
 Apportation              Tloc           #.....       10%         1    N/A
 Corona                   Hex            #......      10%         1    N/A
 Summon Small Mammal      Summ           #...         10%         1    N/A
 Fulminant Prism          Conj/Hex       ###.......   26%         4    N/A
 Iskenderun's Mystic Bla  Conj/Tloc      ###.....     26%         4    N/A

Dungeon Overview and Level Annotations

Branches:
Dungeon (8/15)             Temple (1/1) D:7
   Lair: D:8-11

Altars:
Ashenzari
Cheibriados
Dithmenos
Elyvilon
Fedhas
Gozag
Hepliaklqana
Kikubaaqudgha
Makhleb
Nemelex Xobeh
Okawaru
Qazlal
Ru
Sif Muna
Trog
Uskayaw
Vehumet
Wu Jian
Xom
Yredelemnul
Zin
The Shining One

Annotations:
D:3 exclusion: eye of draining
D:6 exclusion: yak


Innate Abilities, Weirdness & Mutations

You do not eat or drink.
Your flesh is vulnerable to fire.
You are immune to poison.
Your flesh is cold resistant. (rC+)
You are immune to negative energy. (rN+++)
You are immune to unholy pain and torment.
You can survive without breathing.


Message History

The hippogriff claws you!
You hit the hippogriff.
The hippogriff is poisoned.
The hippogriff is severely wounded.
The hippogriff closely misses you. The hippogriff misses you.
The hippogriff claws you.
You hit the hippogriff but do no damage.
The hippogriff looks as sick as possible!
The hippogriff is severely wounded.
The hippogriff barely misses you. The hippogriff misses you.
The hippogriff barely misses you. The hippogriff bites you.
The hippogriff pecks you. The hippogriff completely misses you.
You kill the hippogriff!
You see here a killer bee corpse.
The gargoyle hurls a stone arrow at you.
The stone arrow hits you!
* * * LOW HITPOINT WARNING * * *
The gargoyle hurls a stone arrow at you.
The stone arrow hits you!!
You die...

..............#..######.#########
.............###.................
......##..##..#..######.########.
#...####..###...## #.# #.
#...####..####### #.# #.
..#...........# #.# #.
..<..)))..###.# #.# #.
.#..#####.# #.#########.## #.
..........# #...@........# #.
##..####### ########9....# #..#
#.....##### #..##### #.........#
#.
##......############.#######.###.
#.......##.........)......##.....
##.##...##.#########.####.##..###
## #...##. #.# ##..### #...##.
#.# #......


You could see a gargoyle.

Vanquished Creatures
  A hippogriff (D:8)
  3 yaks (D:8)
  A hungry ghost (D:5)
  An orc warrior (D:7)
  A sky beast (D:5)
  A crocodile (D:7)
  3 centaurs
  A bullfrog (D:6)
  3 scorpions
  A wyvern skeleton (D:7)
  A killer bee (D:8)
  A crimson imp (D:5)
  3 bullfrog skeletons
  6 hounds
  4 orc priests
  A centaur skeleton (D:8)
  5 orc wizards
  2 iguanas
  6 worker ants
  A worker ant zombie (D:5)
  8 gnolls
  9 adders
  A shadow imp (D:5)
  3 oozes
  2 adder skeletons
  An adder zombie (D:4)
  5 worms
  3 dart slugs
  6 leopard geckos
  26 orcs
  3 ball pythons
  4 giant cockroaches
  13 goblins
  16 hobgoblins
  6 jackals
  12 kobolds
  3 quokkas
  7 bats
  13 frilled lizards
  A quokka skeleton (D:7)
  9 rats
197 creatures vanquished.

Notes
Turn   | Place    | Note
-------+----------+-------------------------------------------
     0 | D:1      | Eurus the Mummy Conjurer began the quest for the Orb.
     0 | D:1      | Reached XP level 1. HP: 13/13 MP: 4/4
   438 | D:1      | Reached skill level 3 in Spellcasting
   494 | D:1      | Reached XP level 2. HP: 19/19 MP: 0/6
   574 | D:1      | You fall into a shaft and drop 1 floor!
   581 | D:2      | Learned a level 2 spell: Searing Ray
  1154 | D:1      | Reached XP level 3. HP: 22/24 MP: 1/7
  2330 | D:2      | Reached XP level 4. HP: 30/30 MP: 1/9
  2775 | D:2      | Reached skill level 4 in Spellcasting
  3562 | D:2      | Reached XP level 5. HP: 27/35 MP: 3/11
  4110 | D:3      | Found a bloodstained altar of Trog.
  4110 | D:3      | Noticed an eye of draining
  4110 | D:3      | Noticed an eye of draining
  4110 | D:3      | Noticed an eye of draining
  5020 | D:3      | Found a burning altar of Makhleb.
  5031 | D:3      | Reached XP level 6. HP: 24/42 MP: 10/13
  5338 | D:3      | Reached skill level 1 in Fighting
  5338 | D:3      | Reached skill level 5 in Spellcasting
  5664 | D:4      | Reached skill level 1 in Staves
  5799 | D:4      | Found a basalt altar of Yredelemnul.
  6739 | D:4      | Reached XP level 7. HP: 50/50 MP: 9/15
  6801 | D:4      | Found a glowing golden altar of the Shining One.
  6801 | D:4      | Found a hazy altar of Hepliaklqana.
  6805 | D:4      | Found an opulent altar of Gozag.
  6805 | D:4      | Found a hide-covered altar of Uskayaw.
  7479 | D:5      | Entered Level 5 of the Dungeon
  7504 | D:5      | Noticed a hungry ghost
  7595 | D:5      | Killed a hungry ghost
  7595 | D:5      | Reached skill level 6 in Spellcasting
  7595 | D:5      | Reached skill level 5 in Conjurations
  8653 | D:5      | Reached XP level 8. HP: 55/58 MP: 12/17
  9854 | D:7      | Found a staircase to the Ecumenical Temple.
  9861 | D:7      | Reached skill level 7 in Spellcasting
  9870 | Temple   | Entered the Ecumenical Temple
 10134 | Temple   | Became a worshipper of Ashenzari the Shackled
 11078 | D:7      | Reached skill level 1 in Evocations
 12053 | D:8      | Reached XP level 9. HP: 66/66 MP: 17/20
 12203 | D:8      | Reached skill level 8 in Spellcasting
 12584 | D:8      | Noticed a gargoyle
 12612 | D:8      | Killed from afar by a gargoyle

Levels and vault maps discovered:
D:1:      matt_arrival_refuge, layout_basic, minmay_misc_feat_secret_circle,
          minmay_lizard_pond
D:2:      layout_loops_corners
D:3:      layout_loops_ring, makhleb_heckhound_becter, trog_eyes_of_draining
D:4:      layout_layer_cave, kennysheep_mini_moat, grunt_temple_overflow_open
D:5:      layout_basic, first_ration, minmay_misc_feat_plants
D:6:      layout_loops_ring, lightli_corner_chamber
D:7:      corexii_shack_village, layout_loops_ring, minmay_temple_entry_glass
D:8:      layout_loops_ring
Temple:   eino_temple_scatter_basement

Skill      XL: |  1  2  3  4  5  6  7  8  9 |
---------------+----------------------------+-----
Spellcasting   | 3 4 5 6 7 8 |  8.5
Dodging        | 2 3 |  3.0
Conjurations   | 4 5 6 |  6.4
Fighting       | 2 3 4 |  4.3
Staves         | 1 2 4 |  4.6
Evocations     | 1 2 |  2.6
Stealth        | |  1.5

Action                   |  1- 3 |  4- 6 |  7- 9 || total
-------------------------+-------+-------+-------++-------
Melee: Unarmed           |     1 |       |       ||     1
       Dagger            |    34 |    73 |    86 ||   193
 Cast: Magic Dart        |    65 |    94 |   104 ||   263
       Searing Ray       |     4 |    28 |    44 ||    76
 Stab: Sleeping          |       |     2 |     6 ||     8
Armor: Robe              |    14 |    14 |    17 ||    45
Dodge: Dodged            |    39 |    69 |    92 ||   200

Table legend:
 A = Non-vault XP
 B = Vault XP
 C = Vault XP percentage of total XP
 D = Non-vault monster count
 E = Vault monster count
 F = Vault count percentage of total count
                 A         B        C        D         E       F
            +---------+---------+-------+---------+---------+-------
      Total |    3772 |      94 |   2.4 |     173 |      24 |  12.2
            +---------+---------+-------+---------+---------+-------
        D:1 |      33 |       7 |  17.5 |      21 |       7 |  25.0
        D:2 |     220 |      15 |   6.4 |      38 |       1 |   2.6
        D:3 |     118 |      44 |  27.2 |      27 |       2 |   6.9
        D:4 |     372 |       0 |   0.0 |      19 |       0 |   0.0
        D:5 |     644 |       0 |   0.0 |      15 |       0 |   0.0
        D:6 |     488 |       0 |   0.0 |      15 |       0 |   0.0
        D:7 |     659 |      28 |   4.1 |      21 |      14 |  40.0
        D:8 |    1238 |       0 |   0.0 |      17 |       0 |   0.0
            +---------+---------+-------+---------+---------+-------
